 Dungeon Crawl Stone Soup version 0.31-a0-117-g42d8f58691 (webtiles) character file.

Game seed: 9946529601794926430

43 voltaire321 the Digger (level 3, 0/23 HPs)
             Began as an Octopode Earth Elementalist on May 30, 2023.
             Slain by a quokka (5 damage)
             ... on level 2 of the Dungeon.
             The game lasted 00:01:48 (924 turns).

voltaire321 the Digger (Octopode Earth Elementalist) Turns: 924, Time: 00:01:48

Health: 0/23       AC:  1    Str:  7    XL:     3   Next: 58%
Magic:  6/6        EV: 13    Int: 17    God:
Gold:   39         SH:  0    Dex: 14    Spells: 5/6 levels left

rFire   . . .        b - +0 hand axe
rCold   . . .        (no shield)
rNeg    . . .        (helmet restricted)
rPois   .            (no amulet)
rElec   .            (no ring)
rCorr   .            (no ring)
SInv    .            (no ring)
Will    .....        (no ring)
Stlth   +++          (no ring)
HPRegen 0.23/turn    (no ring)
MPRegen 0.10/turn    (no ring)
                     (no ring)

%: no passive effects
@: lethally poisoned (0 -> -5)
A: almost no armour, amphibious, 8 rings, camouflage 1, gelatinous body 1,
(nimble swimmer 1), tentacles
a: no special abilities


You were on level 2 of the Dungeon.
You visited 1 branch of the dungeon, and saw 2 of its levels.

You collected 39 gold pieces.

Inventory:

Hand Weapons
 b - a +0 hand axe (weapon)
Jewellery
 g - an amulet of guardian spirit
Scrolls
 c - 3 scrolls of identify {unknown}
 d - a scroll of immolation {unknown}
 e - a scroll of acquirement {unknown}
Potions
 a - a potion of magic
 f - a potion of mutation {unknown}
 h - a potion of heal wounds {unknown}
 i - a potion of degeneration {unknown}


   Skills:
 + Level 1.1 Fighting
 + Level 2.4 Dodging
 + Level 3.2 Stealth
 + Level 2.2 Spellcasting
 + Level 1.5 Transmutations
 + Level 3.2 Earth Magic


You had 5 spell levels left.
You knew the following spells:

 Your Spells              Type           Power      Damage    Failure   Level
a - Sandblast             Erth           26%        2d8       4%          1

Your spell library contained the following spells:

 Spells                   Type           Power      Damage    Failure   Level
 Passwall                 Tmut/Erth      8%         N/A       11%         2
 Sting                    Tmut/Pois      16%        1d3       14%         1
 Poisonous Vapours        Pois/Air       2%         N/A       28%         2
 Stone Arrow              Conj/Erth      14%        3d7       28%         3
 Petrify                  Tmut/Erth      10%        N/A       56%         4
 Olgreb's Toxic Radiance  Pois           1%         N/A       88%         4


Dungeon Overview and Level Annotations

Branches:
Dungeon (2/15)

Altars:


Innate Abilities, Weirdness & Mutations

You cannot wear most types of armour.
You are amphibious.
You can wear up to eight rings at the same time.
Your skin changes colour to match your surroundings (Stealth+).
Your rubbery body absorbs attacks. (AC +1, EV +1)
((You are camouflaged when in or above water. (Stealth+)))
You have tentacles for arms and can constrict up to eight enemies at once.


Message History

The adder is severely wounded.
The adder barely misses you.
You barely miss the adder. You grab the adder. You squeeze the adder.
You kill the adder!
Your Fighting skill increases to level 1!
Found a chain mail.
You now have 39 gold pieces (gained 12).
Found an escape hatch in the ceiling.
There is an escape hatch in the ceiling here.
Found a flail. 2 adders come into view.
A quokka comes into view.
The adder hisses angrily.
A bat comes into view.
The adder bites you.
You are poisoned.
The adder poisons you! The adder bites you.
You are more poisoned.
The adder poisons you!
You hit the adder. Your grab misses the adder.
The adder is lightly wounded.
You feel very sick. The adder bites you but does no damage.
You hit the adder but do no damage. You grab the adder. You squeeze the adder.
The adder is heavily wounded.
You miss the quokka. You constrict the adder.
You feel sick. The quokka barely misses you. The adder bites you.
You are more poisoned.
The adder poisons you! The quokka misses you. The adder bites you.
You hit the adder.
You kill the adder!
You barely miss the quokka.
You feel very sick. The quokka misses you. The quokka bites you.
You hit the quokka. Your grab misses the quokka.
You squeeze the quokka, but do no damage.
The quokka is severely wounded.
* * * LOW HITPOINT WARNING * * *
You feel sick. The quokka bites you.
You die...

...... .......
#####.......
#...........
#.......S..
#####........#
......r....).#
......†@.....#
b............#
...#.........#
#. #.........#
###.##.#
#..#####..#
......#.#..#
#..# . #..#^.
#..# #..#
..###..#.#
#.[# #..#
........#
#..## ##..#


You could see an adder (asleep), a quokka and a bat (asleep).

Vanquished Creatures
  2 adders (D:2)
  An endoplasm (D:1)
  2 giant cockroaches (D:1)
  3 goblins (D:1)
  3 jackals (D:1)
  2 kobolds
  4 ball pythons (D:1)
  2 bats
  2 frilled lizards (D:1)
  2 rats (D:1)
23 creatures vanquished.

Notes
Turn   | Place    | Note
-------+----------+-------------------------------------------
     0 | D:1      | voltaire321 the Octopode Earth Elementalist began the quest
                  | for the Orb.
     0 | D:1      | Reached XP level 1. HP: 11/11 MP: 3/3
   224 | D:1      | Reached XP level 2. HP: 17/17 MP: 1/5
   836 | D:2      | Reached XP level 3. HP: 21/22 MP: 6/6
   863 | D:2      | Reached skill level 1 in Fighting
   924 | D:2      | Slain by a quokka

Illustrated notes

Levels and vault maps discovered:
D:1:      lightli_arrival_windingriver, layout_loops_ring, minmay_tetromino_s2
D:2:      layout_rooms, corexii_corridor_pit, uniq_natasha

Skill      XL: |  1  2  3 |
---------------+----------+-----
Stealth        | 3 |  3.2
Fighting       | 1 |  1.1
Dodging        | |  2.4
Spellcasting   | |  2.2
Transmutations | |  1.5
Earth Magic    | |  3.2

Action                     || total
---------------------------++-------
  Melee: Hand axe          ||    33
         Constrict         ||    10
         Tentacles         ||     6
   Cast: Sandblast         ||     8
   Stab: Sleeping          ||     5
 Armour: Skin              ||     3
  Dodge: Dodged            ||    27

Table legend: (Time is in decaauts)
 A = Elapsed time spent in this place.
 B = Non-inter-level travel time spent in this place.
 C = Inter-level travel time spent in this place.
 D = Time resting spent in this place.
 E = Time spent auto-exploring this place.
 F = Levels seen in this place.
 G = Mean time per level.
                   A        B        C        D        E       F      G
               +--------+--------+--------+--------+--------+-----+--------+
         Total |    936 |    923 |     13 |     42 |    696 |   2 |  468.0 |
       Dungeon |    936 |    923 |     13 |     42 |    696 |   2 |  468.0 |
               +--------+--------+--------+--------+--------+-----+--------+

Top non-repeatable levels by time:
     D:1: 792 daAuts
     D:2: 144 daAuts
